 Dungeon Crawl Stone Soup version 0.27.0-1-g7a089689b8 (webtiles) character file.

Game seed: 11799079372759000971

43133 ZombieSheep the Severer (level 14, -1/127 HPs)
             Began as a Hill Orc Monk on Aug 9, 2021.
             Was the Champion of Yredelemnul.
             Slain by a torpor snail (6 damage)
             ... on level 6 of the Lair of Beasts.
             The game lasted 00:35:18 (17330 turns).

ZombieSheep the Severer (Hill Orc Monk)            Turns: 17330, Time: 00:35:19

Health: -1/127     AC: 16    Str: 19    XL:     14   Next: 22%
Magic:  0/23       EV: 13    Int: 10    God:    Yredelemnul [******]
Gold:   1006       SH:  0    Dex: 13    Spells: 13/13 levels left

rFire    . . .     SeeInvis +   a - +3 dire flail
rCold    + . .     Faith    .   (shield currently unavailable)
rNeg     . . .     Spirit   +   B - +1 swamp dragon scales
rPois    +         Reflect  .   (no helmet)
rElec    .         Harm     .   l - +0 cloak
rCorr    .         Rampage  .   F - +1 pair of gloves
Will     +....                  j - +1 pair of boots
Stlth    +.........             w - amulet of guardian spirit
HPRegen  0.31/turn              c - ring of protection from cold
MPRegen  0.18/turn              J - ring of see invisible

@: slowed, studying Hexes, very slow
A: no striking features
a: Renounce Religion, Recall Undead Slaves, Injury Mirror, Animate Dead, Drain
Life, Enslave Soul


You were on level 6 of the Lair of Beasts.
You worshipped Yredelemnul.
Yredelemnul was exalted by your worship.
You visited 2 branches of the dungeon, and saw 16 of its levels.
You also visited: Ossuary.

You collected 1045 gold pieces.
You spent 39 gold pieces at shops.

Inventory:

Hand Weapons
 a - a +3 dire flail (weapon)
 b - a +2 vorpal battleaxe
Armour
 j - a +1 pair of boots (worn)
 l - a +0 cloak (worn)
 q - +0 acid dragon scales
 t - a +0 chain mail
 B - +1 swamp dragon scales (worn)
 F - a +1 pair of gloves (worn)
Jewellery
 c - a ring of protection from cold (left hand)
 n - a ring of ice
 w - an amulet of guardian spirit (around neck)
 x - a ring of flight
 y - an amulet of magic regeneration
 A - the ring "Niepoli" {Ice rN+ MP-9 Stlth+}
   (You found it on level 5 of the Lair of Beasts)

   [ring of ice]

   It enhances your ice magic.
   rF:        It makes you vulnerable to fire.
   rC:        It protects you from cold.
   rN:        It protects you from negative energy.
   MP:        It affects your magic capacity (-9).
   Stlth:     It makes you more stealthy.
 I - a ring of positive energy
 J - a ring of see invisible (right hand)
Wands
 d - a wand of charming (8)
 k - a wand of flame (19)
 o - a wand of polymorph (24)
 u - a wand of paralysis (8)
 C - a wand of digging (4)
 E - a wand of iceblast (7)
Scrolls
 h - 7 scrolls of teleportation
 p - a scroll of fog
 z - 4 scrolls of enchant weapon
 L - a scroll of blinking
 M - a scroll of enchant armour
Potions
 e - 6 potions of lignification
 f - a potion of brilliance
 g - 3 potions of mutation
 i - 6 potions of heal wounds
 m - 6 potions of curing
 r - 4 potions of might
 s - a potion of haste
 v - 3 potions of cancellation
 D - a potion of flight
 G - 2 potions of invisibility


   Skills:
 + Level 12.8 Fighting
 + Level 15.4 Axes
 * Level 8.7 Armour
 + Level 5.4 Dodging
 - Level 1.5 Stealth
 - Level 13.2 Invocations
 - Level 10.1 Evocations


You had 13 spell levels left.
You didn't know any spells.
Your spell library contained the following spells:

 Spells                   Type           Power      Damage    Failure   Level
 Sting                    Tmut/Pois      0%         1d3       52%         1
 Ensorcelled Hibernation  Hex/Ice        0%         N/A       65%         2
 Poisonous Vapours        Pois/Air       0%         N/A       65%         2
 Spider Form              Tmut/Pois      0%         N/A       87%         3
 Tukima's Dance           Hex            0%         N/A       87%         3
 Olgreb's Toxic Radiance  Pois           0%         N/A       99%         4
 Passage of Golubria      Tloc           N/A        N/A       99%         4
 Petrify                  Tmut/Erth      0%         N/A       99%         4
 Alistair's Intoxication  Tmut/Pois      0%         N/A       100%        5
 Borgnjor's Vile Clutch   Necr/Erth      0%         N/A       100%        5
 Metabolic Englaciation   Hex/Ice        0%         N/A       100%        5
 Yara's Violent Unravell  Hex/Tmut       0%         3d3       100%        5
 Conjure Ball Lightning   Conj/Air       0%         3x3d6     100%        6
 Eringya's Noxious Bog    Tmut/Pois      0%         N/A       100%        6
 Shadow Creatures         Summ           N/A        N/A       100%        6
 Statue Form              Tmut/Erth      0%         N/A       100%        6
 Discord                  Hex            0%         N/A       100%        8
 Disjunction              Tloc           0%         N/A       100%        8


Dungeon Overview and Level Annotations

Branches:
Dungeon (10/15)            Temple (0/1) D:5            Lair (5/6) D:9
 Shoals (0/4) Lair:2       Spider (0/4) Lair:2      Ossuary (visited)
  Slime: Lair:5-6       Orc: D:9-12

Altars:
Cheibriados
Hepliaklqana
Nemelex Xobeh
Okawaru
Qazlal
Trog
Vehumet
Yredelemnul

Shops:
D:3 !

Annotations:
Lair:2 3 runed translucent doors, SkeletonJelly's ghost, journeyman DDFi
Lair:5 exclusion: oklob plant


Message History

The splash of acid misses your phantasmal warrior.
A splash of acid appears from out of your range of vision.
The splash of acid hits your phantasmal warrior!
Your phantasmal warrior is splashed with acid.
The komodo dragon hisses menacingly.
The komodo dragon bites your wraith.
Your wraith hits the komodo dragon.
The seven-headed hydra barely misses you.
The seven-headed hydra bites you but does no damage. x4
The seven-headed hydra bites you.
* * * LOW HITPOINT WARNING * * *
The seven-headed hydra completely misses you.
You puncture the seven-headed hydra!
The seven-headed hydra is moderately wounded.
Your wraith hits the komodo dragon.
Your wraith closely misses the komodo dragon.
Your wraith hits the komodo dragon!
The komodo dragon dies!
Yredelemnul accepts your kill.
The seven-headed hydra bites you but does no damage.
The seven-headed hydra bites you.
* * * LOW HITPOINT WARNING * * *
The seven-headed hydra bites you.
* * * LOW HITPOINT WARNING * * *
The seven-headed hydra bites you but does no damage. x2
The seven-headed hydra misses you. The seven-headed hydra bites you.
* * * LOW HITPOINT WARNING * * *
You puncture the seven-headed hydra!
The seven-headed hydra is heavily wounded.
The seven-headed hydra bites you but does no damage.
The seven-headed hydra closely misses you.
The seven-headed hydra bites you but does no damage. x2
The seven-headed hydra bites you!
* * * LOW HITPOINT WARNING * * *
The seven-headed hydra bites you.
* * * LOW HITPOINT WARNING * * *
The seven-headed hydra bites you.
* * * LOW HITPOINT WARNING * * *
The torpor snail bites you.
You die...
Your body rises from the dead as a mindless zombie.

#...W♣♣♣♣♣♣ #...W♣
#...################
#....).......?......
##..................
#..................
#............W.....
#...........w†......
#..........@D†....#
##.........WW†...W./
#..........W......$
#..................
..................$
#................P)
#.../...........##
##.....P....#...
#P.....#.##.##P


You could see a seven-headed hydra (weak-willed, ally target), a torpor snail
(weak-willed), 2 friendly phantasmal warriors and 3 friendly wraiths.

Vanquished Creatures
  A boulder beetle (Lair:6)
  A hydra (Lair:5)
  2 anacondas (Lair:5)
  A death yak (Lair:5)
  A two-headed ogre (D:10)
  2 black mambas (Lair:3)
  A torpor snail (Lair:6)
  6 cane toads
  A rime drake (Lair:5)
  5 komodo dragons
  2 polar bears
  A raiju (shapeshifter) (D:8)
  2 blink frogs
  A centaur simulacrum (D:10)
  4 flying skulls (D:5)
  A shadow (D:7)
  2 wraiths
  3 wyverns
  14 yaks
  A redback (Lair:2)
  2 steam dragons
  A basilisk (Lair:2)
  An acid dragon (D:8)
  10 water moccasins
  Duvessa (D:7)
  A swamp drake (Lair:6)
  3 orc warriors
  2 black bears
  An ice beast (D:7)
  An ogre (D:7)
  13 wolves
  2 centaurs
  An elf zombie (Ossuary)
  7 bullfrogs
  4 wights
  An electric eel (D:10)
  5 howler monkeys
  A bullfrog zombie (D:6)
  5 centaur zombies
  2 hounds (D:9)
  A human zombie (Ossuary)
  An orc priest (D:8)
  An iguana (D:6)
  3 orc wizards
  A killer bee zombie (D:8)
  A howler monkey zombie (D:8)
  2 mummies (Ossuary)
  An adder (D:6)
  A shadow imp (D:5)
  A white imp (D:7)
  2 ufetubi
  2 adder zombies (Ossuary)
  2 dart slugs
  12 orcs
  5 ball pythons
  5 endoplasms
  2 giant cockroaches
  9 goblins
  4 hobgoblins
  8 jackals
  A quokka (D:1)
  3 bats
  2 frilled lizards
  2 goblin zombies (Ossuary)
  5 hobgoblin zombies (Ossuary)
  A jackal zombie (Ossuary)
  7 kobolds
  9 kobold zombies (Ossuary)
  12 orc zombies (Ossuary)
  9 rats
  2 rat zombies (Ossuary)
233 creatures vanquished.

Vanquished Creatures (collateral kills)
  3 hydras
  An anaconda (Lair:5)
  2 catoblepae (Lair:3)
  4 death yaks (Lair:5)
  An oklob plant (Lair:5)
  3 black mambas
  An elephant (Lair:3)
  A merfolk siren (Lair:2)
  A gargoyle (D:8)
  A torpor snail (Lair:5)
  11 cane toads
  Maggie (D:7)
  2 rime drakes
  7 komodo dragons
  2 trolls
  A polar bear (D:10)
  2 dream sheep (Lair:6)
  7 blink frogs
  2 redbacks (Lair:2)
  14 yaks
  A wyvern (Lair:5)
  Eustachio (D:5)
  6 basilisks
  2 acid dragons (Lair:6)
  10 water moccasins
  2 swamp drakes (Lair:6)
  A hornet zombie (D:7)
  2 necrophages
  An ogre (D:6)
  2 centaurs
  7 wolves
  A phantom (D:4)
  2 kobold brigands
  5 bullfrogs
  A scorpion (D:6)
  2 wyvern skeletons
  Dowan (D:7)
  A wight (D:7)
  2 howler monkeys (D:4)
  3 electric eels
  2 orc priests
  2 centaur zombies
  Crazy Yiuf (D:2)
  A hound (D:5)
  5 iguanas
  2 orc wizards
  3 howler monkey zombies
  2 adders
  2 shadow imps
  A white imp (D:10)
  An ufetubus (D:4)
  An adder skeleton (D:4)
  3 dart slugs
  11 orcs
  2 endoplasms (D:4)
  A giant cockroach (D:3)
  3 goblins
  3 hobgoblins
  3 jackals (D:3)
  4 kobolds
173 creatures vanquished.

Vanquished Creatures (others)
  A phantasmal warrior (Lair:6)
  9 flying skulls
  A wraith (Lair:1)
  A wolf (D:9)
  41 fungi
  52 plants
105 creatures vanquished.

Grand Total: 511 creatures vanquished

Notes
Turn   | Place    | Note
-------+----------+-------------------------------------------
     0 | D:1      | ZombieSheep the Hill Orc Monk began the quest for the Orb.
     0 | D:1      | Reached XP level 1. HP: 19/19 MP: 1/1
   272 | D:1      | Found a faded altar of an unknown god.
   275 | D:1      | Became a worshipper of Yredelemnul the Dark
   275 | D:1      | Reached * piety under Yredelemnul
   275 | D:1      | Reached ** piety under Yredelemnul
   328 | D:1      | Reached XP level 2. HP: 18/27 MP: 2/2
   616 | D:1      | Reached skill level 1 in Invocations
   733 | D:1      | Reached *** piety under Yredelemnul
   781 | D:1      | Reached XP level 3. HP: 33/33 MP: 3/3
  1645 | D:2      | Received a gift from Yredelemnul (a wight)
  1658 | D:2      | Found a stormy altar of Qazlal.
  1882 | D:2      | Reached skill level 5 in Axes
  1882 | D:2      | Reached XP level 4. HP: 35/41 MP: 5/5
  2203 | D:2      | Found a runed translucent door.
  2204 | D:2      | Noticed Crazy Yiuf
  2211 | D:2      | Killed Crazy Yiuf
  2316 | D:3      | Reached skill level 5 in Fighting
  2316 | D:3      | Reached XP level 5. HP: 37/48 MP: 7/7
  2657 | D:3      | Reached **** piety under Yredelemnul
  2678 | D:3      | Found Qeseocku's Distillery.
  2687 | D:3      | Bought a potion of curing for 39 gold pieces
  2823 | D:4      | Received a gift from Yredelemnul (5 flying skulls)
  2860 | D:4      | Reached skill level 6 in Axes
  2915 | D:4      | Noticed a centaur
  2922 | D:4      | Killed a centaur
  2923 | D:4      | Reached XP level 6. HP: 26/56 MP: 7/9
  3193 | D:4      | Found a snail-covered altar of Cheibriados.
  3226 | D:4      | Killed a necrophage
  3531 | D:5      | Entered Level 5 of the Dungeon
  3573 | D:5      | Found a sand-covered staircase.
  3584 | Ossuary  | Entered an ossuary
  3649 | Ossuary  | Reached XP level 7. HP: 63/63 MP: 10/10
  3729 | Ossuary  | Reached skill level 5 in Invocations
  3744 | Ossuary  | Reached ***** piety under Yredelemnul
  3751 | Ossuary  | Reached skill level 7 in Axes
  3895 | Ossuary  | Received a gift from Yredelemnul (a wraith)
  4069 | D:5      | Noticed Eustachio
  4074 | D:5      | Received a gift from Yredelemnul (a wraith)
  4079 | D:5      | Killed Eustachio
  4251 | D:5      | Reached XP level 8. HP: 73/73 MP: 12/12
  4303 | D:5      | Found a radiant altar of Vehumet.
  4394 | D:5      | Found a staircase to the Ecumenical Temple.
  4603 | D:6      | Received a gift from Yredelemnul (4 flying skulls)
  4623 | D:6      | Reached skill level 8 in Axes
  5685 | D:6      | Identified a scroll of acquirement
  5685 | D:6      | Acquired a +2 vorpal battleaxe
  5730 | D:7      | Found a hazy altar of Hepliaklqana.
  5856 | D:7      | Reached skill level 9 in Axes
  6096 | D:7      | Reached XP level 9. HP: 57/82 MP: 10/15
  6204 | D:7      | Noticed Maggie
  6212 | D:7      | Killed Maggie
  6406 | D:7      | Reached skill level 10 in Axes
  6474 | D:7      | Reached skill level 1 in Armour
  6631 | D:7      | Noticed Dowan
  6631 | D:7      | Noticed Duvessa
  6637 | D:7      | Killed Dowan
  6639 | D:7      | Killed Duvessa
  6913 | D:8      | Noticed a gargoyle
  6930 | D:8      | Killed a gargoyle
  6931 | D:8      | Reached XP level 10. HP: 54/91 MP: 10/17
  7145 | D:8      | Reached skill level 10 in Invocations
  7376 | D:8      | Reached skill level 5 in Armour
  7636 | D:8      | Reached skill level 11 in Axes
  8046 | D:9      | Reached skill level 1 in Evocations
  8146 | D:8      | Received a gift from Yredelemnul (4 flying skulls)
  8489 | D:9      | Found a staircase to the Lair.
  8858 | D:10     | Entered Level 10 of the Dungeon
  9290 | D:10     | Received a gift from Yredelemnul (a phantasmal warrior)
  9345 | D:10     | Found an iron altar of Okawaru.
  9372 | D:10     | Found a bloodstained altar of Trog.
  9378 | D:10     | Found a sparkling altar of Nemelex Xobeh.
  9425 | D:10     | Noticed a two-headed ogre
  9430 | D:10     | Killed a two-headed ogre
  9431 | D:10     | Reached skill level 12 in Axes
  9431 | D:10     | Reached skill level 5 in Evocations
  9818 | Lair:1   | Entered Level 1 of the Lair of Beasts
  9821 | Lair:1   | Noticed a black mamba
  9822 | Lair:1   | Reached XP level 11. HP: 88/97 MP: 15/19
 10820 | Lair:1   | Reached ****** piety under Yredelemnul
 11131 | Lair:2   | Noticed a minotaur
 11133 | Lair:2   | Found the +3 crown of Dyrovepreva {rElec Int+2 SInv}
 11137 | Lair:2   | Noticed SkeletonJelly's ghost (journeyman DDFi)
 11149 | Lair:2   | Found a hole to the Spider Nest.
 11492 | Lair:2   | Received a gift from Yredelemnul (a phantasmal warrior)
 11492 | Lair:2   | Reached skill level 13 in Axes
 11564 | Lair:2   | Identified the +4 arbalest "Uhuem" {vorpal, Fly Will+ Int-5
                  | Dex+3}
 11678 | Lair:2   | Found a runed translucent gate.
 11678 | Lair:2   | Found a runed translucent gate.
 11678 | Lair:2   | Found a runed translucent gate.
 11962 | Lair:2   | Found a staircase to the Shoals.
 12179 | Lair:3   | Noticed a catoblepas
 12294 | Lair:3   | Killed a catoblepas
 12551 | Lair:3   | Reached XP level 12. HP: 87/104 MP: 17/21
 13107 | Lair:3   | Noticed a catoblepas
 13107 | Lair:3   | Noticed a seven-headed hydra
 13180 | Lair:3   | Killed a catoblepas
 13187 | Lair:3   | Killed a seven-headed hydra
 13311 | Lair:3   | Reached skill level 10 in Evocations
 13313 | Lair:3   | Received a gift from Yredelemnul (a phantasmal warrior)
 14066 | Lair:3   | Reached skill level 14 in Axes
 14066 | Lair:3   | Reached XP level 13. HP: 116/116 MP: 22/22
 16129 | Lair:5   | Reached skill level 15 in Axes
 16141 | Lair:5   | Received a gift from Yredelemnul (a wraith)
 16257 | Lair:5   | Reached XP level 14. HP: 65/127 MP: 11/23
 16261 | Lair:5   | Reached skill level 5 in Dodging
 16687 | Lair:5   | Identified the ring "Niepoli" {Ice rN+ MP-9 Stlth+}
 16732 | Lair:5   | Received a gift from Yredelemnul (a wraith)
 16947 | Lair:5   | You fall into a shaft and drop 1 floor!
 16947 | Lair:6   | Entered Level 6 of the Lair of Beasts
 17286 | Lair:6   | Received a gift from Yredelemnul (a wraith)
 17330 | Lair:6   | HP: 5/127 [seven-headed hydra (2)]
 17330 | Lair:6   | Slain by a torpor snail

Illustrated notes

Levels and vault maps discovered:
D:1:      minmay_arrival_nine_rooms, layout_loops_ring,
          chequers_ecumenical_altar_grove
D:2:      layout_loops_ring, basic_altar, uniq_crazy_yiuf_cottage
D:3:      layout_rooms, serial_shops, shop, kennysheep_generic_room_9
D:4:      layout_cave_pools, nicolae_overflow_hidden_temple, st_stairs_13
D:5:      layout_rooms, nicolae_vehumet_radiance, temple_statues,
          lightli_ossuary_entry_decrepit_ruins, uniq_eustachio
D:6:      layout_loops_ring
D:7:      layout_gridville, mainiacjoe_overflow_tiny_flanked, uniq_maggie,
          uniq_duvessa
D:8:      layout_basic, grunt_ministairs_3, minmay_manual_monstrance
D:9:      layout_basic, erik_lair_island, minmay_holes
D:10:     layout_roguey, minitemple, serial_ice, serial_ice_m, serial_ice_f,
          serial_ice_a, serial_ice_d
Lair:1:   layout_gridlike, amcnicky_mini_pool_medium
Lair:2:   layout_regular_city, minmay_shoals_entry_lonely_mermaid,
          spider_nest_entry_webs, maelrawn_ghost_gauntlet_escape, minivault_26
Lair:3:   nzn_winding_woodlands_small [nzn_winding_woodlands_5x15_longhouse,
          nzn_winding_woodlands_center_lodge,
          nzn_winding_woodlands_5x15_pathside_ponds], layout_small_grid
Lair:4:   layout_concentric_octagons, infiniplex_staircase_pool
Lair:5:   beast_lair_carwin_large_3, layout_small_grid
Lair:6:   guppyfry_lair_end_dragon, layout_regular_city,
          hangedman_lair_in_review, slime_altar_1, nicolae_volcano_entry_s_turn,
          portal_ice_cave_entry_pillars_1, ebering_ghost_disaster_area,
          st_stairs_7, eino_small_chamber_without_monster,
          minmay_lair_oklob_chamber, uniq_sonja

Skill      XL: |  1  2  3  4  5  6  7  8  9 10 11 12 13 14 |
---------------+-------------------------------------------+-----
Fighting       | 4 5 6 7 8 9 11 12 | 12.8
Invocations    | 1 2 3 4 6 8 9 11 12 13 | 13.2
Axes           | 5 6 7 9 10 12 13 14 15 | 15.4
Armour         | 4 5 6 7 8 |  8.7
Evocations     | 5 9 10 | 10.1
Dodging        | 3 4 5 |  5.4
Stealth        | |  1.5

Action                   |  1- 3 |  4- 6 |  7- 9 | 10-12 | 13-15 || total
-------------------------+-------+-------+-------+-------+-------++-------
Melee: Hand axe          |   131 |   112 |   214 |       |       ||   457
       Unarmed           |       |     3 |       |       |       ||     3
       Battleaxe         |       |       |    67 |   247 |   156 ||   470
       Dire flail        |       |       |       |       |    13 ||    13
Invok: Recall Undead Sla |       |     1 |     4 |     7 |     4 ||    16
       Drain Life        |       |       |       |     1 |     1 ||     2
  Use: Scroll            |       |     7 |     7 |     9 |       ||    23
       Potion            |       |       |       |     3 |     1 ||     4
 Stab: Sleeping          |       |     1 |       |       |       ||     1
       Distracted        |       |       |     1 |     2 |     1 ||     4
Armor: Ring mail         |    45 |    20 |       |       |       ||    65
       Scale mail        |       |    20 |   126 |       |       ||   146
       Swamp dragon scal |       |       |    29 |   143 |    96 ||   268
Dodge: Dodged            |    74 |    78 |   126 |   145 |    94 ||   517
